 Dungeon Crawl Stone Soup version 0.30-a0-1103-g25895a7845 (console) character file.

Game seed: 12617346360515671346

856 jejorda2 the Spear-Bearer (level 8, -1/96 HPs)
             Began as a Merfolk Berserker on Apr 18, 2023.
             Was a Priest of Trog.
             Succumbed to a water moccasin's poison
             ... on level 6 of the Dungeon.
             The game lasted 00:11:22 (4060 turns).

jejorda2 the Spear-Bearer (Merfolk Berserker)       Turns: 4060, Time: 00:11:23

Health: -1/96      AC: 13    Str: 19    XL:     8   Next: 2%
Magic:  8/8        EV:  8    Int:  7    God:    Trog [***...]
Gold:   303        SH:  0    Dex: 13    Spells: 7/7 levels left

rFire   . . .      SeeInvis .    a - +3 bardiche (flame)
rCold   . . .      Faith    .    (shield currently unavailable)
rNeg    . . .      Spirit   .    t - +0 chain mail
rPois   .          Reflect  .    c - +1 helmet
rElec   .          Rampage  .    (no cloak)
rCorr   .                        d - +0 pair of gloves
Will    .....                    b - +0 pair of boots Stlth
                                 (no amulet)
HPRegen 0.36/turn                (no ring)
MPRegen 0.11/turn                (no ring)

@: berserking (expiring), lethally poisoned (-1 -> -7), very quick
A: (nimble swimmer 2), mertail
a: Renounce Religion, Berserk, Trog's Hand


You were on level 6 of the Dungeon.
You worshipped Trog.
Trog was most pleased with you.
You visited 1 branch of the dungeon, and saw 6 of its levels.

You collected 303 gold pieces.

Inventory:

Hand Weapons
 a - a +3 bardiche of flaming (weapon)
 k - a +0 vampiric trident
Missiles
 e - 16 poisoned darts
 g - 19 stones (quivered)
 E - 3 javelins
Armour
 b - a +0 pair of boots (worn)
 c - a +1 helmet (worn)
 d - a +0 pair of gloves (worn)
 t - a +0 chain mail (worn)
 y - a +2 hat
Jewellery
 D - a ring of ice
Wands
 v - a wand of paralysis (25)
Scrolls
 f - a scroll of enchant weapon
 j - a scroll of immolation
 l - 2 scrolls of teleportation
 s - 5 scrolls of identify
 C - a scroll of amnesia
Potions
 h - a potion of haste {unknown}
 i - 2 potions of heal wounds {unknown}
 m - 4 potions of curing
 q - a potion of degeneration {unknown}
 u - a potion of might {unknown}
 x - a potion of attraction {unknown}


   Skills:
 + Level 5.7 Fighting
 * Level 9.1 Polearms
 + Level 3.5 Armour
 - Level 2.6 Dodging


You had 7 spell levels left.
You didn't know any spells.
Your spell library was empty.

Dungeon Overview and Level Annotations

Branches:
Dungeon (6/15)
 Temple: D:4-7

Altars:
Cheibriados
Elyvilon
Hepliaklqana
Trog
Uskayaw
Vehumet

Shops:
D:5 (


Innate Abilities, Weirdness & Mutations

((You are very nimble when in or above water. (Stealth+, EV+, Speed+++)))
Your lower body shifts to a powerful aquatic tail in water.


Message History

The water moccasin bites you.
You are more poisoned.
The water moccasin poisons you!
You barely miss the water moccasin.
The water moccasin is almost dead.
You feel very sick.
The water moccasin bites you but does no damage.
The ice beast hits you.
* * * LOW HITPOINT WARNING * * *
The ice beast freezes you!
* * * LOW HITPOINT WARNING * * *
You barely miss the water moccasin.
The water moccasin is almost dead.
* * * LOW HITPOINT WARNING * * *
You feel very sick.
The water moccasin bites you but does no damage.
The ice beast hits you but does no damage.
The water moccasin bites you but does no damage.
You slice the water moccasin!! You burn the water moccasin.
You kill the water moccasin!
Trog accepts your kill.
* * * LOW HITPOINT WARNING * * *
You feel very sick. The ice beast barely misses you.
Your Polearms skill increases to level 9!
You have reached level 8!
You hit the ice beast.
You melt the ice beast.
The ice beast is moderately wounded.
* * * LOW HITPOINT WARNING * * *
You feel sick.
The ice beast hits you but does no damage.
You barely miss the ice beast.
The ice beast is moderately wounded.
* * * LOW HITPOINT WARNING * * *
You feel sick.
The ice beast hits you but does no damage.
You slice the ice beast!!
You melt the ice beast!
You kill the ice beast!
Trog accepts your kill.
You die...

#........#######
##........#......
#.........#......
#.........#......
#.....†...#......
#........†.)..... #.
#..........).....
#...###................
#....†@................
##.#............#......
#............###...#
#............# ..##
.............. ..#
.............#
.....#........
#......#.......
#......#...


There were no monsters in sight!

Vanquished Creatures
  Menkaure (D:4)
  A water moccasin (D:6)
  A sky beast (D:6)
  An ice beast (D:6)
  2 scorpions
  A hound (D:5)
  2 jellies
  A gnoll bouda (D:5)
  4 iguanas
  An orc wizard (D:4)
  Terence (D:2)
  3 gnolls (D:5)
  4 adders
  A shadow imp (D:5)
  A white imp (D:6)
  A worm (D:5)
  6 orcs
  7 ball pythons
  2 endoplasms
  2 giant cockroaches
  3 goblins
  4 hobgoblins
  6 jackals
  4 quokkas
  4 bats
  2 frilled lizards
  11 kobolds
  8 rats
85 creatures vanquished.

Notes
Turn   | Place    | Note
-------+----------+-------------------------------------------
     0 | D:1      | jejorda2 the Merfolk Berserker began the quest for the Orb.
     0 | D:1      | Reached XP level 1. HP: 18/18 MP: 1/1
   233 | D:1      | Reached XP level 2. HP: 24/24 MP: 2/2
   839 | D:2      | Reached ** piety under Trog
   856 | D:2      | Reached XP level 3. HP: 29/29 MP: 3/3
   907 | D:2      | Reached skill level 5 in Polearms
   936 | D:2      | Found a faded altar of an unknown god.
  1147 | D:2      | Reached XP level 4. HP: 37/37 MP: 4/4
  1518 | D:2      | Noticed Terence
  1525 | D:2      | Killed Terence
  2611 | D:4      | Noticed Menkaure
  2616 | D:4      | Killed Menkaure
  2617 | D:4      | Reached skill level 6 in Polearms
  2617 | D:4      | Reached XP level 5. HP: 43/43 MP: 5/5
  2617 | D:4      | Reached XP level 6. HP: 49/49 MP: 6/6
  3010 | D:5      | Entered Level 5 of the Dungeon
  3022 | D:5      | Reached skill level 7 in Polearms
  3074 | D:5      | Found a hazy altar of Hepliaklqana.
  3111 | D:5      | Found a white marble altar of Elyvilon.
  3143 | D:5      | Found a radiant altar of Vehumet.
  3227 | D:5      | Found a bloodstained altar of Trog.
  3353 | D:5      | Reached *** piety under Trog
  3377 | D:5      | Reached skill level 5 in Fighting
  3377 | D:5      | Reached XP level 7. HP: 40/56 MP: 7/7
  3608 | D:5      | Reached skill level 8 in Polearms
  3711 | D:5      | Found Urifor's Weapon Shoppe.
  3899 | D:6      | Found a snail-covered altar of Cheibriados.
  3899 | D:6      | Found a hide-covered altar of Uskayaw.
  3915 | D:6      | Identified a scroll of acquirement
  3915 | D:6      | Acquired a +2 bardiche of flaming
  4057 | D:6      | HP: 4/84 [poisoned by a water moccasin]
  4058 | D:6      | Reached skill level 9 in Polearms
  4058 | D:6      | Reached XP level 8. HP: 4/64 MP: 8/8
  4059 | D:6      | HP: 1/96 [poisoned by a water moccasin]
  4060 | D:6      | Succumbed to a water moccasin's poison

Illustrated notes

Levels and vault maps discovered:
D:1:      elethiomel_arrival_diamonds, layout_basic
D:2:      layout_loops_ring, ebering_ecumenical_altar_hall, uniq_terence
D:3:      layout_basic, grunt_ministairs_5, amethyst_killhole, kennysheep_donut,
          minmay_misc_feat_rugged
D:4:      layout_rooms, minmay_crystal_water, uniq_menkaure
D:5:      layout_basic, nicolae_hepliaklqana_hazy_memory, amcnicky_altar_gilded,
          mainiacjoe_overflow_tiny_flanked, elyvilon_altar_5, serial_shops, shop
D:6:      layout_rooms, led_sif_pool, gammafunk_temple_overflow_pools,
          minmay_temple_entry_enclosed_plants, portal_sewer_entry_e

Skill      XL: |  1  2  3  4  5  6  7 |
---------------+----------------------+-----
Polearms       | 5 6 7 9 |  9.1
Fighting       | 4 5 |  5.7
Armour         | 2 3 |  3.5
Dodging        | |  2.6

Action                     |  1- 3 |  4- 6 |  7- 9 || total
---------------------------+-------+-------+-------++-------
  Melee: Spear             |   129 |    70 |       ||   199
         Trident           |       |    77 |    27 ||   104
         Punch             |       |     1 |     1 ||     2
         Bardiche          |       |       |    38 ||    38
  Throw: Stone             |       |    10 |       ||    10
 Invoke: Berserk           |       |     2 |     1 ||     3
         Trog's Hand       |       |     1 |     1 ||     2
    Use: Scroll            |       |       |    14 ||    14
 Armour: Scale mail        |    43 |    10 |       ||    53
         Chain mail        |       |    30 |    41 ||    71
  Dodge: Dodged            |    48 |    31 |    20 ||    99

Table legend: (Time is in decaauts)
 A = Elapsed time spent in this place.
 B = Non-inter-level travel time spent in this place.
 C = Inter-level travel time spent in this place.
 D = Time resting spent in this place.
 E = Time spent auto-exploring this place.
 F = Levels seen in this place.
 G = Mean time per level.
                   A        B        C        D        E       F      G
               +--------+--------+--------+--------+--------+-----+--------+
         Total |   4049 |   3875 |    174 |     85 |   2985 |   6 |  674.8 |
       Dungeon |   4049 |   3875 |    174 |     85 |   2985 |   6 |  674.8 |
               +--------+--------+--------+--------+--------+-----+--------+

Top non-repeatable levels by time:
     D:2: 866 daAuts
     D:5: 850 daAuts
     D:3: 839 daAuts
     D:1: 817 daAuts
     D:4: 468 daAuts
     D:6: 207 daAuts
